Cogmind - Beta 12 X4 @@@ ROGUE MODE // 2022.12.12 @ 21:19:09 Player: Jezoensis Result: Destroyed by as-24237 with Assembled Heavy Rifle Performance ------------- Evolutions (0) 0 Regions Visited (4) 800 Robots Destroyed (26) 130 Value Destroyed (392) 392 Prototype IDs (2) 40 Alien Tech Used (0) 0 Bonus (126) 126 TOTAL SCORE: 1488 Bonus ------- High Alert Combat Kills 2 Follower Combat Kills 124 Cogmind --------- Core Integrity 0/250 Matter 278/300 Energy 100/100 System Corruption 0% Temperature Cool (0) Movement Treading (160) Location -9/Mines Parts ------- > --- POWER (1) -------- (None) > --- PROPULSION (2) --- Light Treads Improved Treads > --- UTILITY (2) ------ Medium Storage Unit > --- WEAPON (2) ------- (None) > --- INVENTORY (10) --- High-capacity Storage Unit High-capacity Matter Pod (200) Visual Processing Unit Signal Interpreter Terrain Scan Processor Seismic Detector Improved Utility Shielding Light Assault Rifle Mining Laser Peak State ------------ > --- POWER ------------ Ion Engine > --- PROPULSION ------- Wheel Compact Wheel > --- UTILITY ---------- Small Storage Unit Improved Terrain Scanner > --- WEAPON ----------- Beamcaster Light Assault Rifle > --- INVENTORY -------- Light Nuclear Core Light Treads Light Treads Visual Processing Unit Improved Utility Shielding Reflective Plating Medium Laser Mining Laser [Rating: 14] Favorites ----------- Power Ion Engine Engine Ion Engine Power Core Light Nuclear Core Propulsion Wheel Treads Light Treads Wheel Wheel Utility Small Storage Unit Device Improved Terrain Scanner Storage Small Storage Unit Protection Light Armor Plating Weapon Light Assault Rifle Energy Gun Medium Laser Ballistic Gun Light Assault Rifle Special Weapon Mining Laser Build | -11 -10 -10 -10 -9 ------- Run | Scr Mat Min Exi Min Slots Evolved . | . . . . . Power . | . . . . . Propulsion . | . . . . . Utility . | . . . . . Weapon . | . . . . . Parts Attached 51 | 9 16 19 . 7 Power 4 | 1 2 . . 1 Engine 3 | 1 2 . . . Core 1 | . . . . 1 Reactor . | . . . . . Propulsion 21 | 5 6 7 . 3 Treads 8 | . 2 3 . 3 Leg . | . . . . . Wheel 13 | 5 4 4 . . Hover . | . . . . . Flight . | . . . . . Utility 17 | 1 4 10 . 2 Device 7 | . 2 5 . . Storage 4 | 1 . 1 . 2 Processor . | . . . . . Hackware . | . . . . . Protection 6 | . 2 4 . . Artifact . | . . . . . Weapon 9 | 2 4 2 . 1 Energy Gun 5 | . 2 2 . 1 Energy Cannon . | . . . . . Ballistic Gun 3 | 2 1 . . . Ballistic Cannon . | . . . . . Launcher . | . . . . . Special Weapon 1 | . 1 . . . Impact Weapon . | . . . . . Slashing Weapon . | . . . . . Piercing Weapon . | . . . . . Special Melee Weapon . | . . . . . Unidentified Prototypes . | . . . . . Parts Lost 13 | . 4 . . 9 Power 3 | . 1 . . 2 Propulsion 3 | . . . . 3 Utility 1 | . . . . 1 Weapon 6 | . 3 . . 3 Highest Loss Streak 9 | . 3 . . 9 To Critical Strikes . | . . . . . Average Slot Usage (%) 95 | . 90 100 100 86 Engine 13 | . 13 14 14 10 Treads 2 | . 3 2 . 7 Wheel 25 | . 24 25 28 21 Device 9 | . 4 11 14 11 Storage 14 | . 14 14 14 14 Protection 1 | . 2 2 . . Energy Gun 12 | . 9 14 14 11 Ballistic Gun 14 | . 16 14 14 8 Naked Turns . | . . . . . Heaviest Build 49 | 11 16 22 19 49 Greatest Support 43 | 32 26 26 26 43 Greatest Overweight (x) 4 | . . 1 . 4 Average Overweight (x) . | . . . . . Largest Inventory Capacity 20 | 8 8 10 10 20 Average Capacity 9 | 7 8 8 10 14 Most Carried 13 | 7 8 10 10 13 Average Carried 7 | 5 7 7 9 10 Final Capacity 10 | 8 8 10 10 10 Final Carried 10 | 7 8 10 10 9 Class Distribution -------------------- 83% | Mutant 16% | Scavenger-Mutant Dominant Class ---------------- Mutant | -10/Materials Mutant | -10/Mines Mutant | -10/Exiles Mutant | -9/Mines Resources | -11 -10 -10 -10 -9 ----------- Run | Scr Mat Min Exi Min Matter Collected 775 | 283 235 234 . 23 Remotely . | . . . . . Salvage Created 566 | 86 283 197 . . Parts 62 | 12 33 17 . . Haulers Intercepted . | . . . . . Recyclers Shooed 2 | 1 . . . 1 Parts Field Recycled . | . . . . . Retrieved Matter . | . . . . . Parts Self-Destructed . | . . . . . Prevented . | . . . . . Kills | -11 -10 -10 -10 -9 ------- Run | Scr Mat Min Exi Min Combat Hostiles Destroyed 16 | . 10 6 . . Guns 16 | . 10 6 . . Classes Destroyed 5 | 1 4 . . . Builder 2 | . 1 1 . . Tunneler 7 | 5 . 2 . . Watcher 1 | . 1 . . . Swarmer 10 | . 6 4 . . Grunt 6 | . 4 2 . . Best Kill Streak 7 | 3 7 3 . . Combat Bots Only 7 | . 7 3 . . Max Kills in Single Turn 2 | 1 2 2 . . Gunslinging 1 | . 1 . . . Exploded . | . . . . . Melee . | . . . . . Uniques/NPCs Destroyed . | . . . . . Combat | -11 -10 -10 -10 -9 -------- Run | Scr Mat Min Exi Min Damage Taken 1657 | . 597 394 . 666 Core 253 | . 89 43 . 121 Absorbed by Shields . | . . . . . Core Remaining (%) 100 | 100 . . . . Volleys Fired 70 | 18 26 24 . 2 Largest 2 | 2 2 2 . 2 Hottest 100 | 40 100 95 . 70 Shots Fired 129 | 36 42 48 . 3 Gun 127 | 36 40 48 . 3 Cannon . | . . . . . Launcher . | . . . . . Special 2 | . 2 . . . Kinetic 77 | 36 16 24 . 1 Thermal 34 | . 8 24 . 2 Explosive . | . . . . . Electromagnetic 18 | . 18 . . . Robot Hit Streak 10 | 5 10 5 . . Robot Miss Streak 6 | 6 2 3 . 5 Penetration Max . | . . . . . Secondary Targets 2 | . 1 1 . . Max Gunslinging Chain 1 | . 1 1 . . Shots Hit Robots 70 | 17 27 26 . . Core Hits 34 | 7 14 13 . . Critical Kills . | . . . . . Critical Parts Destroyed . | . . . . . Critical Strikes 1 | . . 1 . . Burn 1 | . . 1 . . Melee Attacks . | . . . . . Impact . | . . . . . Slashing . | . . . . . Piercing . | . . . . . Sneak Attacks . | . . . . . Combat Hostiles . | . . . . . Follow-up Attacks . | . . . . . Damage Inflicted 940 | 207 360 351 . 22 Guns 940 | 207 360 351 . 22 Cannons . | . . . . . Explosions . | . . . . . Melee . | . . . . . Ramming . | . . . . . Kinetic 464 | 207 112 135 . 10 Thermal 293 | . 65 216 . 12 Explosive . | . . . . . Electromagnetic 183 | . 183 . . . Impact . | . . . . . Slashing . | . . . . . Piercing . | . . . . . Highest Corruption . | . . . . . Average Corruption . | . . . . . Corruption Purged . | . . . . . Corruption Blocked . | . . . . . Overload Shots . | . . . . . Overflow Damage . | . . . . . Projectiles . | . . . . . Explosions . | . . . . . Melee . | . . . . . Knockbacks . | . . . . . Impact . | . . . . . Kinetic . | . . . . . Secondary . | . . . . . Self-Inflicted Damage . | . . . . . Shots . | . . . . . Rammed . | . . . . . Targets Rammed . | . . . . . Kicked . | . . . . . Crushed . | . . . . . Highest Temperature 375 | . 91 375 . 30 Average Temperature 72 | . 41 100 . 14 Received Heat Transfer 408 | . 279 129 . . Effects 2 | . . 2 . . Short Circuit 1 | . . 1 . . Damage (minor) 1 | . . 1 . . Siege Activations . | . . . . . Robots Corrupted . | . . . . . Combat Hostiles . | . . . . . Parts Fried . | . . . . . Impact Corruptions . | . . . . . Robots Melted . | . . . . . Combat Hostiles . | . . . . . Parts Melted . | . . . . . Heat Transferred 814 | . 185 592 . 37 Parts Sabotaged . | . . . . . Parts Stolen . | . . . . . Parts Stripped . | . . . . . Power Chain Reactions . | . . . . . Missiles Intercepted . | . . . . . Alert | -11 -10 -10 -10 -9 ------- Run | Scr Mat Min Exi Min Peak Influence 454 | 25 454 440 . 45 Initial 104 | . 16 104 . . Average 196 | 11 258 264 . 4 Maximum Alert Level 2 | . 2 2 . . Low Security (%) 50 | 100 35 32 . 100 Level 1 35 | . 37 59 . . Level 2 13 | . 27 7 . . Level 3 . | . . . . . Level 4 . | . . . . . Level 5 . | . . . . . High Security . | . . . . . Max Security . | . . . . . Squads Dispatched 5 | . 3 2 . . Investigation 2 | . 1 1 . . Extermination . | . . . . . Reinforcement 2 | . 2 . . . Assault 1 | . . 1 . . Garrison . | . . . . . Intercept . | . . . . . Searches Triggered . | . . . . . Construction Impeded . | . . . . . Haulers Reinforced . | . . . . . Active Scanning Responses . | . . . . . Cargo Convoy Interrupts . | . . . . . Stealth | -11 -10 -10 -10 -9 --------- Run | Scr Mat Min Exi Min Distress Signals 1 | . . . . 1 Communications Jammed . | . . . . . Distress Signals . | . . . . . Times Spotted 60 | . 22 14 . 24 Peak Tracking Total 13 | . 9 4 . 13 Tactical Retreats 6 | . 4 . . 2 Traps | -11 -10 -10 -10 -9 ------- Run | Scr Mat Min Exi Min Traps Triggered . | . . . . . Indirectly . | . . . . . Trap Hack Attempts . | . . . . . Triggered . | . . . . . Disarmed . | . . . . . Reprogrammed . | . . . . . Reused . | . . . . . Traps Extracted . | . . . . . Installed . | . . . . . Triggered . | . . . . . Machines | -11 -10 -10 -10 -9 ---------- Run | Scr Mat Min Exi Min Machines Disabled . | . . . . . Max in Single Turn . | . . . . . Machines Sabotaged . | . . . . . Overloaded Fab Kills . | . . . . . Hacking | -11 -10 -10 -10 -9 --------- Run | Scr Mat Min Exi Min Machines Accessed 8 | . 6 2 . . Terminals 6 | . 5 1 . . Fabricators . | . . . . . Repair Stations . | . . . . . Recycling Units 1 | . 1 . . . Scanalyzers . | . . . . . Garrison Access . | . . . . . Total Hacks 23 | . 20 3 . . Successful 12 | . 10 2 . . Failed 10 | . 9 1 . . Catastrophic 1 | . 1 . . . Database Lockouts 1 | . 1 . . . Manual 19 | . 17 2 . . Terminals 21 | . 19 2 . . Fabricators . | . . . . . Repair Stations . | . . . . . Recycling Units 1 | . 1 . . . Scanalyzers . | . . . . . Garrison Access . | . . . . . Terminal Hacks 10 | . 8 2 . . Part Schematic 1 | . 1 . . . Robot Analysis 5 | . 4 1 . . Prototype ID Bank 1 | . 1 . . . Open Door 1 | . . 1 . . Locate Traps 2 | . 2 . . . Fabricator Hacks . | . . . . . Repair Station Hacks . | . . . . . Recycling Unit Hacks . | . . . . . Scanalyzer . | . . . . . Garrison Access Hacks . | . . . . . Unauthorized Hacks 2 | . 2 . . . Terminals 1 | . 1 . . . Botnet 1 | . 1 . . . Fabricators . | . . . . . Repair Stations . | . . . . . Recycling Units 1 | . 1 . . . Tunnel 1 | . 1 . . . Scanalyzers . | . . . . . Garrison Access . | . . . . . Data Cores Recovered . | . . . . . Used . | . . . . . Hacking Detections 6 | . 5 1 . . Full Trace Events 1 | . 1 . . . Feedback Events . | . . . . . Feedback Blocked . | . . . . . Robot Schematics Acquired . | . . . . . Robots Built . | . . . . . Authchips . | . . . . . Time . | . . . . . Total Robot Build Rating . | . . . . . Part Schematics Acquired 1 | . 1 . . . Parts Built . | . . . . . Authchips . | . . . . . Time . | . . . . . Total Part Build Rating . | . . . . . Parts Repaired . | . . . . . Time . | . . . . . Parts Recycled . | . . . . . Recycled Matter . | . . . . . Retrieved Matter . | . . . . . Retrieved Components . | . . . . . Parts Scanalyzed . | . . . . . Part Schematics Acquired . | . . . . . Parts Damaged . | . . . . . Bothacking | -11 -10 -10 -10 -9 ------------ Run | Scr Mat Min Exi Min Used RIF Installer . | . . . . . Robots Hacked . | . . . . . Non-combat . | . . . . . Combat . | . . . . . Robot Hacks Applied . | . . . . . Relay Couplers Released . | . . . . . Fabnet Peak Effective % . | . . . . . Robots Rewired . | . . . . . Allies Hacked . | . . . . . Hacks Repelled . | . . . . . Allies | -11 -10 -10 -10 -9 -------- Run | Scr Mat Min Exi Min Total Allies 4 | . . 4 . . Largest Group 4 | . . 4 2 2 Highest-Rated Group 71 | . . 71 47 47 Highest-Rated Ally 31 | . . 31 31 31 Total Orders . | . . . . . Ally Attacks 48 | . . 37 . 11 Total Damage 593 | . . 491 . 102 Kills 11 | . . 7 . 4 Allies Corrupted . | . . . . . Allies Melted . | . . . . . Intel | -11 -10 -10 -10 -9 ------- Run | Scr Mat Min Exi Min Robot Analysis Total 5 | . 4 1 . . Derelict Logs Recovered 2 | . . 1 . 1 Drone Launches . | . . . . . Drone Recoveries . | . . . . . Exploration | -11 -10 -10 -10 -9 ------------- Run | Scr Mat Min Exi Min Turns Passed 1238 | 145 405 378 185 125 Spaces Moved 1043 | 92 359 299 191 102 Core 12 | 12 . . . . Treads 10 | . . . . 10 Legs . | . . . . . Wheels 1021 | 80 359 299 191 92 Hover . | . . . . . Flight . | . . . . . Fastest Speed 50 | 50 80 90 90 80 Average Speed 89 | 82 84 90 90 106 Slowest Speed 160 | 100 90 115 90 160 Overloaded Moves . | . . . . . Propulsion Burnouts . | . . . . . Robots Hopped . | . . . . . Cave-ins Triggered . | . . . . . Exploration Rate (%) 46 | 5 78 65 62 23 Regions Visited 4 Branch Regions 3 Pre-discovered Areas 1 | . 1 . . . Known Exits Taken . | . . . . . Unknown Exits Taken 4 | 1 1 1 1 . Scrap Searched 2 | . . 1 . 1 Spaces Dug 1 | . 1 . . . Terrain Destroyed 2 | . 2 . . . Melee . | . . . . . Projectile 2 | . 2 . . . AOE . | . . . . . Terrain Rammed . | . . . . . Walls Destroyed . | . . . . . Machines Disabled . | . . . . . Actions | -11 -10 -10 -10 -9 --------- Run | Scr Mat Min Exi Min Total 1213 | 124 413 357 204 115 Wait 14 | . . 2 12 . Move 1039 | 91 358 298 190 102 Hop . | . . . . . Pick Up 24 | 6 6 7 1 4 Fast Attach 10 | 5 4 1 . . Attach 11 | 1 3 2 . 5 Detach 1 | . 1 . . . Swap 30 | 3 9 16 . 2 Drop 14 | . 6 7 1 . Fire 70 | 18 26 24 . 2 Melee . | . . . . . Ram . | . . . . . Kick . | . . . . . Crush . | . . . . . Escape Stasis . | . . . . . Rewire . | . . . . . Trap . | . . . . . Miscellaneous . | . . . . . Route ------- -11/Scrapyard -10/Materials (discovered 4 exits: [*Mat x3] / *Min) -10/Mines (discovered 3 exits: [*Mat x2] / [*Exi]) -10/Exiles -9/Mines History --------- Turn | Location | Event 21 | -11/Scrapyard | Discovered new exit (range 15) 146 | -11/Scrapyard | Entered Materials 180 | -10/Materials | Discovered new exit (range 13) 260 | -10/Materials | Discovered new exit (range 14) 283 | -10/Materials | Lost 3 parts (1p2w) 311 | -10/Materials | Build established: Mutant 328 | -10/Materials | Destroyed 7 combat bots 392 | -10/Materials | Discovered new exit (range 15) 440 | -10/Materials | Central database locked down 478 | -10/Materials | Discovered new exit (range 14) 551 | -10/Materials | Entered Mines 656 | -10/Mines | Discovered new exit (range 16) 663 | -10/Mines | Met a Derelict shopkeep closing up shop 758 | -10/Mines | Met a Derelict testing a Signal Generator 773 | -10/Mines | Assisted by bots powering up and referring to "LRC-V3" 826 | -10/Mines | Discovered new exit (range 11) 900 | -10/Mines | Core integrity fell below 50% 923 | -10/Mines | Deemed a non-threat by the Exiles lab entrance 923 | -10/Mines | Discovered new exit (range 5) 929 | -10/Mines | Entered Exiles 929 | -10/Exiles | Found Exiles lab abandoned 929 | -10/Exiles | Accompanied by 2 allies 1095 | -10/Exiles | Discovered new exit (range 10) 1114 | -10/Exiles | Entered Mines 1114 | -9/Mines | Accompanied by 2 allies 1136 | -9/Mines | Met a Derelict bent on vengeance 1165 | -9/Mines | Learned Materials stockpile data 1171 | -9/Mines | Assembled infested the area 1176 | -9/Mines | Assisted by a Guerilla fighting off Assembled 1219 | -9/Mines | Core integrity fell below 20% 1239 | -9/Mines | Destroyed by as-24237 with Assembled Heavy Rifle Last Messages --------------- 01209_ as-81436 destroyed. 01209_ HV Slug penetrates Wall. 01210_ W6-C7S(h) destroyed. 01212_ S-10 Pest destroyed. 01213_ as-44576 destroyed. 01214_ Med. Laser destroyed. 01214_ Imp. Terrain Scanner destroyed. 01216_ Lgt. Nuclear Core destroyed. 01216_ as-50360 destroyed. 01217_ The unstable cave ceiling collapses. 01220_ Lgt. Treads destroyed. 01220_ Wheel destroyed. 01221_ D-53 Grenadier destroyed. 01222_ The unstable cave ceiling collapses. 01227_ as-41831 destroyed. 01227_ as-69364 destroyed. 01229_ The unstable cave ceiling collapses. 01229_ D-53 Grenadier destroyed. 01233_ The unstable cave ceiling collapses. 01239_ Acquired Signal Interpreter. Map ----- +----------------------------------------------------+ | ?????????????????????????????????????????????????? | | ?????????????????????????????????????????????????? | | ?????????????????????????????????????????????????? | | ?????????????????????????????????????????????????? | | ?????????????????????????????????????????????????? | | ?????????????????????????????????????????????????? | | ?????????????????????????????????????????????????? | | ?????????????????????????????????????????????????? | | ?????????????????????????????????????????????????? | | ?????????????????????????????????????????????????? | | ?????????????????????????????????????????????????? | | ?????????????????????????????????????????????????? | | ?????????????????????????????????????????????????? | | ?????????????????????????????????????????????????? | | ?????????????????????????????????????????????????? | | ?????????????????????????????????????????????????? | | ?????????????????????????????????????????????????? | | ?????????????????????????????????????????????????? | | ?????????????????????????????????????????????????? | | ?????????????????????????????????????????????????? | | ?????????????????????????????????????????????????? | | ????????????????????###??????????????????????????? | | ?????????????????#### #?????????????????????????? | | ????????????????## #????????????????????????? | | ????????????????# [ ##??????????????????????? | | ?????????????????????# @##?????????????????????? | | ?????????????????????## #????????????????? ?? | | ??????????????????????# #??????????????? ? | | ??????????????????????# ##??????????????? # | | ??????????????????????### #????????????????? | | ????????????????????????# #?????????????????? | | ?????????????????????#### ####???????????????? | | ????????????????????## #????????????????? | | ????????????????????# #??????????????????# | | ????????????????????# ##???????? ??????????# | | ????????????????????# #? ??????? ????????# | | ????????????????????## #??????? ???????#??? | | ????????????????????# # #?##???????? ??????? | | ????????????????????## # ##??????????????? | | ?????????????????????## #???????#??????? | | ?????????????????#??## # ###????#?????#?? | | ?????????????????????# ###?#???#????? | | ?????????????????????## # #???#????#??? | | ????????????????????#### # #?#??????#??? | | ?????????????????#####"" % %# ########????? | | ?????????????? % % # ##?### | | ?????????????? % %%= # # #?# | | ????????????????####### ##### % ### # | | ???????????????? ??#??# ?#?# " % % # | | ??????????????????????# ???#### # #### ###### | +----------------------------------------------------+ Best States ------------- Heat Dissipation 25 Energy Generation 14 Energy Capacity 250 Matter Stores 300 Matter Capacity 300 Sight Range 16 Terrain Scan Range 16 Terrain Scan Density 10 Armor Coverage 150 Resistance: TH 10 Evasion (%) 50 Recoil Reduction 2 Item Schematics ----------------- Hcp. Storage Unit | -10/Materials | Hacked Robot Schematics ------------------ None Fabricated ------------ Nothing Alien Tech Used ----------------- None Achievements -------------- None Challenges ------------ None Game ------ Seed MappingRestorationExtractor Manual? 0 Play Time 00:19:39 Cumulative 806.0 hours Start 2022.12.12 @ 20:58:53 End 2022.12.12 @ 21:19:09 Sessions 1 Manual Loads 0 Difficulty Rogue Special Mode None Game No. 426 Rogue 299 Adventurer 125 Explorer 2 Win Type - Total 96 Types 79/7/5/1/1/0/0/2/1 Lore% 83 Gallery% 89 Achievement% 80 Wizard Run 0 Options --------- ASCII 0 Keyboard 1 Movement Numpad Keybinds 0 Fullscreen 1 Font 36/TerminusFine Map View 76x50 Tactical HUD 1 Map Filters NONE Filters NONE Steam 1 RUN: 46a45097-901a-43cc-9658-7a055527e4d9